 Dungeon Crawl Stone Soup version 0.23-a0-448-g1c01f63 (webtiles) character file.

37 MisterFreud the Sneak (level 3, 0/15 HPs)
             Began as a Felid Transmuter on Nov 20, 2018.
             Killed from afar by a dart slug (6 damage)
             ... with a slug dart
             ... on level 1 of the Dungeon.
             The game lasted 00:03:19 (965 turns).

MisterFreud the Sneak (Felid Transmuter)             Turns: 965, Time: 00:03:20

Health: 0/15       AC:  1    Str:  6    XL:     3   Next: 21%
Magic:  5/7        EV: 18    Int: 15    God:
Gold:   12         SH:  0    Dex: 16    Spells: 3/6 levels left
                                        Lives:  0   Deaths: 0

rFire    . . .     SeeInvis +     - Unarmed
rCold    . . .     Gourm    .   (shield unavailable)
rNeg     . . .     Faith    .   (armour unavailable)
rPois    .         Spirit   .   (helmet unavailable)
rElec    .         Reflect  .   (cloak unavailable)
rCorr    .         Harm     .   (gloves unavailable)
MR       .....                  (boots unavailable)
Stlth    +++.......             (no amulet)
HPRegen  0.05/turn              (no ring)
MPRegen  0.10/turn              (no ring)

@: appendage, quick
A: very small, no armour, no weapons or thrown items, stealth, claws 1, fangs 3,
horns 2, see invisible, carnivore, speed 1, shaggy fur 1, slow metabolism 1,
sharp paws
a: End Transformation


You were on level 1 of the Dungeon.
You were completely stuffed.
You had grown temporary horns.
You visited 1 branch of the dungeon, and saw 2 of its levels.

You collected 12 gold pieces.

Inventory:

Missiles
 a - 37 arrows
Scrolls
 b - a scroll of teleportation {unknown}
Potions
 d - a potion of curing {unknown}
Comestibles
 c - 2 rations
 f - 2 chunks of flesh


   Skills:
 - Level 1.0 Fighting
 - Level 2.6 Dodging
 + Level 4.3 Stealth
 - Level 3.0 Unarmed Combat
 - Level 2.0 Spellcasting
 - Level 2.1 Transmutations


You had 3 spell levels left.
You knew the following spells:

 Your Spells              Type           Power        Failure   Level  Hunger
a - Beastly Appendage     Tmut           #.....       9%          1    #......
b - Sticks to Snakes      Tmut           #.......     14%         2    ###....

Your spell library contained the following spells:

 Spells                   Type           Power        Failure   Level  Hunger
 Spider Form              Tmut/Pois      #.........   38%         3    ###....
 Ice Form                 Ice/Tmut       #.......     80%         4    #####..
 Blade Hands              Tmut           #.........   94%         5    ######.


Dungeon Overview and Level Annotations

Branches:
Dungeon (2/15)

Altars:


Innate Abilities, Weirdness & Mutations

You cannot wear armour.
You are incapable of wielding weapons or throwing items.
Your paws allow you to move quietly. (Stealth)
You have sharp claws.
You have razor-sharp teeth.
You have supernaturally acute eyesight. (SInv)
You are carnivorous and can eat meat at any time.
You cover ground quickly.
You are covered in fur. (AC +1)
You have a slow metabolism.
Your sharp claws are effective at attacking unaware monsters.
You have a pair of horns on your head.


Message History

Something closely misses your adder.
You start resting.
Something closely misses your adder.
You start resting.
Something misses your adder.
You start resting.
Something bites your adder.
You start resting.
Something closely misses your adder.
You start resting.
Your adder withers and dies!
The dart slug is too close now for your liking.
Casting: Beastly Appendage (safe; 9% risk of failure)
Confirm with . or Enter, or press ? or * to list all spells.
You grow a pair of large bovine horns.
The dart slug misses you.
You scratch the dart slug.
You headbutt the dart slug, but do no damage.
The dart slug is lightly wounded.
You scratch the dart slug.
The dart slug is moderately wounded.
The dart slug launches a dart at you. The slug dart hits you!
You die...

#....†....# # #.#
#.######..##########
#.######.....[.............
#.#..........)#..##########
#.##.###..###÷#..# # #.##.#
#..# #.#l.# # #.##.# #..#
#.#..# # #######.##.#
#..###.#..# # ...........#
#÷.@...#..###### #
#######.#######w#####.K......
.
#..........S...>...w.........
#.####.##############[#######
#........# ... .....#.#.# ...
.)†..#.#.# ..... ...).#.# #
...K. .....#.# .......


You could see a dart slug.

Vanquished Creatures
  2 leopard geckos (D:1)
  2 giant cockroaches (D:1)
  4 goblins
  2 hobgoblins (D:1)
  2 kobolds (D:1)
  A ball python (D:1)
  5 bats
  A frilled lizard (D:1)
  8 rats
27 creatures vanquished.

Vanquished Creatures (collateral kills)
  A gnoll (D:1)
  A leopard gecko (D:1)
2 creatures vanquished.

Grand Total: 29 creatures vanquished

Notes
Turn   | Place    | Note
-------+----------+-------------------------------------------
     0 | D:1      | MisterFreud the Felid Transmuter began the quest for the
                  | Orb.
     0 | D:1      | Reached XP level 1. HP: 9/9 MP: 4/4
    13 | D:1      | Reached skill level 1 in Stealth
   185 | D:1      | Reached skill level 2 in Stealth
   341 | D:1      | Reached XP level 2. HP: 10/12 MP: 6/6
   653 | D:2      | Reached skill level 3 in Stealth
   657 | D:2      | Learned a level 2 spell: Sticks to Snakes
   902 | D:1      | Reached skill level 4 in Stealth
   904 | D:1      | Reached XP level 3. HP: 15/15 MP: 7/7
   965 | D:1      | Killed from afar by a dart slug

Vault maps used:
D:1:      tarquinn_simple_flora_water_e
D:2:      lemuel_coloured_pillars_altar, minmay_rat_gold_closets

Skill      XL: |  1  2 |
---------------+-------+-----
Stealth        | 2 4 |  4.3
Fighting       | |  1.0
Dodging        | |  2.6
Unarmed Combat | |  3.0
Spellcasting   | |  2.0
Transmutations | |  2.1

Action                   || total
-------------------------++-------
Melee: Unarmed           ||    66
       Headbutt          ||     5
       Bite              ||     3
 Cast: Beastly Appendage ||    12
       Sticks to Snakes  ||     2
 Stab: Sleeping          ||    10
  Eat: Chunk             ||     8
Armor: Skin              ||     6
Dodge: Dodged            ||    68

Table legend:
 A = Non-vault XP
 B = Vault XP
 C = Vault XP percentage of total XP
 D = Non-vault monster count
 E = Vault monster count
 F = Vault count percentage of total count
                 A         B        C        D         E       F
            +---------+---------+-------+---------+---------+-------
      Total |      53 |       0 |   0.0 |      29 |       0 |   0.0
            +---------+---------+-------+---------+---------+-------
        D:1 |      47 |       0 |   0.0 |      25 |       0 |   0.0
        D:2 |       6 |       0 |   0.0 |       4 |       0 |   0.0
            +---------+---------+-------+---------+---------+-------
